 Dungeon Crawl Stone Soup version 0.28-a0-381-g937acc2988 (webtiles) character file.

Game seed: 12262514111618918172

28 thedisplayname the Sneak (level 3, -1/19 HPs)
             Began as a Kobold Enchanter on Aug 31, 2021.
             Slain by a gnoll (6 damage)
             ... on level 1 of the Dungeon on Sept 1, 2021.
             The game lasted 00:04:12 (1447 turns).

thedisplayname the Sneak (Kobold Enchanter)         Turns: 1447, Time: 00:04:13

Health: -1/19      AC:  3    Str:  6    XL:     3   Next: 30%
Magic:  2/6        EV: 15    Int: 16    God:
Gold:   19         SH:  0    Dex: 15    Spells: 4/6 levels left

rFire   . . .      SeeInvis .   a - +1 dagger
rCold   . . .      Faith    .   (shield restricted)
rNeg    . . .      Spirit   .   b - +0 robe
rPois   .          Reflect  .   e - +0 helmet
rElec   .          Harm     .   (no cloak)
rCorr   .          Rampage  .   (no gloves)
Will    .....                   (no boots)
Stlth   ++++......              (no amulet)
HPRegen 0.06/turn               (no ring)
MPRegen 0.10/turn               (no ring)

@: no status effects
A: small, no large weapons, nightstalker 3
a: no special abilities


You were on level 1 of the Dungeon.
You visited 1 branch of the dungeon, and saw 2 of its levels.

You collected 19 gold pieces.

Inventory:

Hand Weapons
 a - a +1 dagger (weapon)
Armour
 b - a +0 robe (worn)
 e - a +0 helmet (worn)
Scrolls
 d - a scroll of identify
 g - a scroll of teleportation
Potions
 c - a potion of invisibility


   Skills:
 + Level 2.2 Short Blades
 - Level 2.4 Dodging
 + Level 4.5 Stealth
 - Level 2.1 Spellcasting
 - Level 3.2 Hexes
 * Level 1.2 Ice Magic


You had 4 spell levels left.
You knew the following spells:

 Your Spells              Type           Power      Damage    Failure   Level
a - Ensorcelled Hibernat  Hex/Ice        16%        N/A       12%         2

Your spell library contained the following spells:

 Spells                   Type           Power      Damage    Failure   Level
 Confusing Touch          Hex            12%        N/A       16%         3
 Tukima's Dance           Hex            12%        N/A       16%         3
 Corpse Rot               Necr/Air       N/A        N/A       30%         2
 Poisonous Vapours        Pois/Air       2%         N/A       30%         2
 Dazzling Flash           Conj/Hex       12%        N/A       30%         3
 Animate Dead             Necr           0%         N/A       90%         4
 Freezing Cloud           Conj/Ice/Air   1%         6-21      99%         5
 Haunt                    Necr/Summ      0%         N/A       100%        7
 Infestation              Necr           0%         N/A       100%        8


Dungeon Overview and Level Annotations

Branches:
Dungeon (2/15)

Altars:


Innate Abilities, Weirdness & Mutations

You are small and have problems with some larger weapons.
You are completely attuned to the shadows.


Message History

The helpless gnoll fails to defend itself.
You impale the gnoll!!
You kill the gnoll!
Your Ice Magic skill increases to level 1!
You have reached level 3!
Your experience leads to an increase in your attributes!
Increase (S)trength, (I)ntelligence, or (D)exterity?
You feel stronger.
A gnoll comes into view. It is wielding a +0 spear.
You see here a +0 halberd.
The gnoll shouts! x3
You hit the gnoll but do no damage. The gnoll closely misses you.
The gnoll hits you with a +0 flail.
The gnoll hits you from afar with a +0 spear.
You see here a +0 halberd.
The gnoll hits you with a +0 club. The gnoll barely misses you.
The gnoll hits you with a +0 flail. The gnoll hits you with a +0 flail.
The gnoll closely misses you. x2
There is a stone staircase leading up here.
The gnoll hits you with a +0 club.
* * * LOW HITPOINT WARNING * * *
The gnoll misses you.
You climb upwards.
There is a stone staircase leading down here.
Welcome back, thedisplayname the Kobold Enchanter.
Press ? for a list of commands and other information.
Casting: Ensorcelled Hibernation (safe; 12% risk of failure)
Confirm with . or Enter, or press ? or * to list all spells.
Aiming: Ensorcelled Hibernation (safe; 12% risk of failure)
Press: ? - help, Shift-Dir - straight line, f - gnoll
Aim: a gnoll, wielding a +0 club (chance to affect: 49%)
The gnoll resists with some effort.
The gnoll completely misses you.
Casting: Ensorcelled Hibernation (safe; 12% risk of failure)
Confirm with . or Enter, or press ? or * to list all spells.
Aiming: Ensorcelled Hibernation (safe; 12% risk of failure)
Press: ? - help, Shift-Dir - straight line, f/p - gnoll
Aim: a gnoll, wielding a +0 club (chance to affect: 49%)
The gnoll resists with some effort.
The gnoll hits you with a +0 club.
You die...

.####.P#.####.#
....####......####
......#.###......#
............#.##.#
#####.#.##..#.##.#
#####.#.##....##.#
............).##.#
....##.###...###g#
.......###......@#
..#..........#####
#.###..###.### ######
#..........######....#########
#...[..####.......##.#.......###
##.##.## #.#####.##.#.#####)..#
......# #.#####.##.#.# #.#.##
#...### #.##.....#...# #.#...
#...# #.##.##.####.# #.####


You could see a gnoll.

Vanquished Creatures
  A gnoll (D:2)
  A dart slug (D:1)
  A ball python (D:1)
  A bat (D:1)
  A giant cockroach (D:2)
  4 goblins (D:1)
  A hobgoblin (D:1)
  2 kobolds (D:1)
  A quokka (D:1)
  2 frilled lizards
  A rat (D:2)
16 creatures vanquished.

Notes
Turn   | Place    | Note
-------+----------+-------------------------------------------
     0 | D:1      | thedisplayname the Kobold Enchanter began the quest for the
                  | Orb.
     0 | D:1      | Reached XP level 1. HP: 10/10 MP: 3/3
   193 | D:1      | Reached XP level 2. HP: 15/15 MP: 5/5
   196 | D:1      | Learned a level 2 spell: Ensorcelled Hibernation
  1313 | D:1      | Found a faded altar of an unknown god.
  1421 | D:2      | Reached skill level 1 in Ice Magic
  1421 | D:2      | Reached XP level 3. HP: 19/19 MP: 6/6
  1446 | D:1      | Upgraded the game from 0.28-a0-313-gbc0475efdd to
                  | 0.28-a0-381-g937acc2988
  1447 | D:1      | Slain by a gnoll

Illustrated notes

Levels and vault maps discovered:
D:1:      nzn_arrival_crosshair, layout_loops_cross,
          shapermc_ecumenical_altar_hornbeckon, minmay_tiny_reverse_x
D:2:      layout_basic, minivault_5, minmay_tetromino_l2

Skill      XL: |  1  2 |
---------------+-------+-----
Short Blades   | 2 |  2.2
Ice Magic      | 1 |  1.2
Dodging        | |  2.4
Stealth        | |  4.5
Spellcasting   | |  2.1
Hexes          | |  3.2

Action                   || total
-------------------------++-------
Melee: Dagger            ||    30
 Cast: Ensorcelled Hiber ||     6
  Use: Scroll            ||     1
       Potion            ||     1
 Stab: Sleeping          ||    13
       Distracted        ||     1
Armor: Robe              ||     1
Dodge: Dodged            ||    21

Table legend: (Time is in decaauts)
 A = Elapsed time spent in this place.
 B = Non-inter-level travel time spent in this place.
 C = Inter-level travel time spent in this place.
 D = Time resting spent in this place.
 E = Time spent auto-exploring this place.
 F = Levels seen in this place.
 G = Mean time per level.
                   A        B        C        D        E       F      G
               +--------+--------+--------+--------+--------+-----+--------+
         Total |   1446 |   1419 |     27 |    406 |    715 |   2 |  723.0 |
       Dungeon |   1446 |   1419 |     27 |    406 |    715 |   2 |  723.0 |
               +--------+--------+--------+--------+--------+-----+--------+

Top non-repeatable levels by time:
     D:1: 1348 daAuts
     D:2: 97 daAuts
